 Dungeon Crawl Stone Soup version 0.31-a0-178-g96ec847f19 (webtiles) character file.

Game seed: 4311749178127489885

825 qw the Shooter (level 7, -3/64 HPs)
             Began as a Naga Hunter on June 18, 2023.
             Was a Follower of Okawaru.
             Slain by a phantom (6 damage)
             ... on level 6 of the Dungeon.
             The game lasted 00:02:02 (5264 turns).

qw the Shooter (Naga Hunter)                        Turns: 5264, Time: 00:02:02

Health: -3/64      AC:  7    Str: 18    XL:     7   Next: 96%
Magic:  8/9        EV: 13    Int: 13    God:    Okawaru [*.....]
Gold:   229        SH:  0    Dex: 16    Spells: 6/6 levels left

rFire   + . .        Y - +0 shortbow
rCold   + . .        (shield currently unavailable)
rNeg    . . .        q - +2 robe {Will+}
rPois   +            (no helmet)
rElec   .            s - scarf {rC+ rF+}
rCorr   .            e - +0 pair of gloves
SInv    +            (no barding)
Will    +....        (no amulet)
Stlth   +++          m - +6 ring of strength
HPRegen 0.30/turn    (no ring)
MPRegen 0.11/turn

%: no passive effects
@: short of breath, heroic, very slow
A: AC +2, large, see invisible, deformed body, poison resistance, slowness 2,
spit poison 1, naga tail 1, clever 1, screaming 1
a: Spit Poison, Renounce Religion, Heroism


You were on level 6 of the Dungeon.
You worshipped Okawaru.
Okawaru was aware of your devotion.
You visited 1 branch of the dungeon, and saw 6 of its levels.
You also visited: Ossuary.

You collected 229 gold pieces.


Innate Abilities, Weirdness & Mutations

Your serpentine skin is tough. (AC +2)
You have supernaturally acute eyesight. (SInv)
Armour fits poorly on your strangely shaped body.
Your system is resistant to poisons. (rPois)
You cover ground very slowly.
You can spit poison.
You have a snake-like lower body.
Your mind is acute. (Int +4, Str/Dex -1)
You occasionally shout uncontrollably at your foes.


   Skills:
 - Level 4.0(9.0) Fighting
 + Level 7.4(12.4) Ranged Weapons
 - Level 2.0(7.0) Dodging
 - Level 1.5(6.5) Stealth
 + Level 2.9 Invocations


You had 6 spell levels left.
You didn't know any spells.
Your spell library was empty.

Inventory:

Hand Weapons
 Y - a +0 shortbow (weapon)
Armour
 e - a +0 pair of gloves (worn)
 n - a +0 cloak
 q - a +2 robe of willpower (worn)
 s - a scarf of resistance (worn)
Jewellery
 m - a +6 ring of strength (left hand)
Scrolls
 f - a scroll of identify
Potions
 b - a potion of heal wounds {unknown}
 d - a potion of attraction {unknown}
 h - a potion of enlightenment {unknown}
 i - a potion of cancellation
 j - 2 potions of resistance
 k - 2 potions of mutation
 l - a potion of degeneration {unknown}
 o - a potion of haste
 p - 5 potions of curing

Dungeon Overview and Level Annotations

Branches:
Dungeon (6/15)             Temple (0/1) D:4         Ossuary (visited)

Altars:
Cheibriados
Dithmenos
Gozag
Makhleb
Okawaru
Ru
Wu Jian
Xom

Shops:
D:4 (

Annotations:
D:5 2 transporters, qw's ghost, novice GrFi


Message History

You kill the scorpion!
Okawaru accepts your kill.
You can now gain great but temporary skills.
The gnoll hits you but does no damage.
You shoot an arrow. The arrow hits the gnoll!
The gnoll is heavily wounded.
You feel sick. The gnoll hits you with a +0 club.
You shoot an arrow. The arrow hits the gnoll.
The gnoll is almost dead.
You feel sick.
You shoot an arrow. The arrow hits the gnoll!
You kill the gnoll!
Okawaru accepts your kill.
You feel sick. The phantom closely misses you.
You shoot an arrow. The arrow hits the phantom!
The phantom is moderately damaged.
You feel sick. The phantom hits you.
You shoot an arrow. The arrow hits the phantom.
The phantom is moderately damaged.
The gnoll sergeant barely misses you. The phantom closely misses you.
You shoot an arrow. The arrow barely misses the phantom.
You have got your breath back.
You feel sick.
You are no longer poisoned.
The gnoll sergeant hits you from afar with a +0 spear!
The gnoll completely misses you.
The gnoll hits you from afar with a +0 spear!
The phantom hits you.
The phantom blinks!
You blink.
5262 ||| INVOKING Spit Poison.
Aiming: Spit Poison (1% risk of failure)
Press: ? - help, Shift-Dir - straight line, f - gnoll, p - phantom The splash of poison misses the gnoll.
The phantom hits you.
The phantom blinks!
You blink.
Found 8 stones.
You shoot an arrow.
The arrow hits the phantom but does no damage.
The phantom is moderately damaged.
You shoot an arrow. The arrow hits the phantom.
The phantom is heavily damaged.
The phantom hits you.
You die...

#..## ##...
#.... ######...
#........
#.......#
#.......#####
#.....@....#
###....W.......
#......>...###(
###.fg.....#
##..<.....#
##g.##...###
#g.g###....#
#¤.¤¤##....#
#....# .....


You could see a phantom, a sleepcap, a gnoll sergeant and 3 gnolls.

Vanquished Creatures
  A water moccasin (D:4)
  An ice beast (D:4)
  An elf zombie (Ossuary)
  2 scorpions
  A howler monkey (D:5)
  A hound (D:5)
  A human zombie (Ossuary)
  4 iguanas
  2 mummies (Ossuary)
  5 adders
  2 gnolls (D:6)
  A white imp (D:5)
  3 ufetubi
  2 adder zombies (Ossuary)
  2 worms
  3 dart slugs
  8 orcs
  6 bats
  7 endoplasms
  9 goblins
  6 hobgoblins
  9 jackals
  4 quokkas
  7 ball pythons
  3 goblin zombies (Ossuary)
  15 hobgoblin zombies (Ossuary)
  A jackal zombie (Ossuary)
  4 kobolds
  8 kobold zombies (Ossuary)
  4 orc zombies (Ossuary)
  3 rats
  A rat zombie (Ossuary)
127 creatures vanquished.

Notes
Turn   | Place    | Note
-------+----------+-------------------------------------------
     0 | D:1      | qw the Naga Hunter began the quest for the Orb.
     0 | D:1      | Reached XP level 1. HP: 19/19 MP: 1/1
     0 | D:1      | 0 ||| qw: Version: 0.3-a-7-ge0c9b40
     0 | D:1      | 0 ||| qw: Game counter: 864
     0 | D:1      | 0 ||| qw: Always use a shield: true
     0 | D:1      | 0 ||| qw: God list: Okawaru
     0 | D:1      | 0 ||| qw: Allow faded altars: false
     0 | D:1      | 0 ||| qw: Do Orc after D:15 true
     0 | D:1      | 0 ||| qw: Do second Lair branch before Depths: true
     0 | D:1      | 0 ||| qw: Lair rune preference: random
     0 | D:1      | 0 ||| qw: Plans: Normal
     0 | D:1      | 0 ||| PLANNING D:1-11
    17 | D:1      | 17 ||| INVOKING Spit Poison.
   133 | D:1      | 133 ||| INVOKING Spit Poison.
   197 | D:1      | 197 ||| INVOKING Spit Poison.
   201 | D:1      | Reached skill level 4 in Ranged Weapons
   201 | D:1      | Reached XP level 2. HP: 18/26 MP: 2/2
   202 | D:1      | 202 ||| INVOKING Spit Poison.
   330 | D:1      | 330 ||| INVOKING Spit Poison.
   552 | D:1      | 552 ||| INVOKING Spit Poison.
   556 | D:1      | 556 ||| INVOKING Spit Poison.
   564 | D:1      | 564 ||| INVOKING Spit Poison.
   588 | D:1      | 588 ||| INVOKING Spit Poison.
   963 | D:1      | 963 ||| READING scroll labelled DUSIUPS KANEVIRR.
   964 | D:1      | 964 ||| READING 2 scrolls labelled VIBICY UDAMARY.
   965 | D:1      | 965 ||| READING scroll labelled LUTOOG APPOJU.
   966 | D:1      | 966 ||| READING scroll labelled TEMANE DISMOCS.
   967 | D:1      | 967 ||| READING scroll labelled LIZITE PIGGEM.
   968 | D:1      | 968 ||| DROPPING scroll of butterflies.
  1052 | D:2      | 1052 ||| INVOKING Spit Poison.
  1105 | D:2      | 1105 ||| INVOKING Spit Poison.
  1146 | D:2      | 1146 ||| INVOKING Spit Poison.
  1148 | D:2      | Reached XP level 3. HP: 32/32 MP: 3/3
  1160 | D:2      | 1160 ||| INVOKING Spit Poison.
  1188 | D:2      | 1188 ||| INVOKING Spit Poison.
  1191 | D:2      | 1191 ||| INVOKING Spit Poison.
  1237 | D:2      | 1237 ||| INVOKING Spit Poison.
  1307 | D:2      | 1307 ||| INVOKING Spit Poison.
  1486 | D:2      | 1486 ||| INVOKING Spit Poison.
  1501 | D:2      | 1501 ||| INVOKING Spit Poison.
  1508 | D:2      | 1508 ||| INVOKING Spit Poison.
  1683 | D:2      | 1683 ||| INVOKING Spit Poison.
  1745 | D:2      | 1745 ||| INVOKING Spit Poison.
  1790 | D:2      | 1790 ||| INVOKING Spit Poison.
  1813 | D:2      | 1813 ||| UPGRADING to +0 cloak.
  1818 | D:2      | 1818 ||| READING scroll labelled RASMIFUOCO.
  1819 | D:2      | 1819 ||| READING scroll labelled IVUIG ANET.
  1877 | D:2      | 1877 ||| DRINKING 2 cyan potions.
  1878 | D:2      | 1878 ||| DRINKING 2 viscous cyan potions.
  1878 | D:2      | Gained mutation: You occasionally shout uncontrollably at
                  | your foes. [potion of mutation]
  1878 | D:2      | Gained mutation: Your mind is acute. (Int +4, Str/Dex -1)
                  | [potion of mutation]
  1879 | D:2      | 1879 ||| DRINKING 2 golden potions.
  1880 | D:2      | 1880 ||| DROPPING potion of brilliance.
  1958 | D:3      | 1958 ||| INVOKING Spit Poison.
  1960 | D:3      | Reached skill level 5 in Ranged Weapons
  1968 | D:3      | 1968 ||| INVOKING Spit Poison.
  1969 | D:3      | Reached XP level 4. HP: 39/39 MP: 4/4
  1981 | D:3      | 1981 ||| INVOKING Spit Poison.
  2033 | D:3      | 2033 ||| INVOKING Spit Poison.
  2281 | D:3      | 2281 ||| INVOKING Spit Poison.
  2491 | D:3      | 2491 ||| INVOKING Spit Poison.
  2500 | D:3      | Found an iron altar of Okawaru.
  2501 | D:3      | 2501 ||| PLANNING OKAWARU WORSHIP
  2501 | D:3      | 2501 ||| UPGRADING to +0 pair of gloves.
  2506 | D:3      | 2506 ||| UPGRADING to +6 ring of strength.
  2507 | D:3      | 2507 ||| READING 3 scrolls labelled TOISO VIXKEMP.
  2550 | D:3      | 2550 ||| INVOKING Spit Poison.
  2554 | D:3      | 2554 ||| INVOKING Spit Poison.
  2559 | D:3      | Became a worshipper of Warmaster Okawaru
  2560 | D:3      | 2560 ||| PLANNING D:1-11
  2592 | D:3      | 2592 ||| INVOKING Spit Poison.
  2839 | D:4      | 2839 ||| INVOKING Spit Poison.
  2845 | D:4      | 2845 ||| INVOKING Spit Poison.
  2873 | D:4      | 2873 ||| INVOKING Spit Poison.
  2876 | D:4      | 2876 ||| INVOKING Spit Poison.
  2898 | D:4      | 2898 ||| INVOKING Spit Poison.
  2900 | D:4      | 2900 ||| Stepping ~*~*~tactically~*~*~ (outnumbered).
  2902 | D:4      | 2902 ||| INVOKING Spit Poison.
  2903 | D:4      | Reached skill level 3 in Fighting
  2905 | D:4      | 2905 ||| INVOKING Spit Poison.
  2908 | D:4      | 2908 ||| INVOKING Spit Poison.
  2913 | D:4      | 2913 ||| INVOKING Spit Poison.
  3000 | D:4      | 3000 ||| INVOKING Spit Poison.
  3007 | D:4      | 3007 ||| INVOKING Spit Poison.
  3008 | D:4      | Reached XP level 5. HP: 41/49 MP: 5/5
  3042 | D:4      | 3042 ||| INVOKING Spit Poison.
  3069 | D:4      | 3069 ||| INVOKING Spit Poison.
  3071 | D:4      | Found Puext's Weapon Shoppe.
  3077 | D:4      | Found a staircase to the Ecumenical Temple.
  3084 | D:4      | 3084 ||| INVOKING Spit Poison.
  3087 | D:4      | 3087 ||| INVOKING Spit Poison.
  3088 | D:4      | 3088 ||| INVOKING Spit Poison.
  3092 | D:4      | 3092 ||| INVOKING Spit Poison.
  3096 | D:4      | 3096 ||| INVOKING Spit Poison.
  3150 | D:4      | 3150 ||| INVOKING Spit Poison.
  3153 | D:4      | 3153 ||| INVOKING Spit Poison.
  3257 | D:4      | 3257 ||| INVOKING Spit Poison.
  3279 | D:4      | 3279 ||| INVOKING Spit Poison.
  3284 | D:4      | 3284 ||| INVOKING Spit Poison.
  3339 | D:4      | 3339 ||| INVOKING Spit Poison.
  3345 | D:4      | 3345 ||| INVOKING Spit Poison.
  3617 | D:4      | 3617 ||| INVOKING Spit Poison.
  3765 | D:4      | 3765 ||| UPGRADING to scarf of resistance.
  3775 | D:4      | 3775 ||| DROPPING amulet of magic regeneration.
  3776 | D:4      | 3776 ||| DRINKING 3 viscous ruby potions.
  3777 | D:4      | 3777 ||| DRINKING 3 viscous yellow potions.
  3778 | D:4      | 3778 ||| DRINKING 2 orange potions.
  3830 | D:4      | 3830 ||| DROPPING potion of lignification.
  3850 | D:5      | Entered Level 5 of the Dungeon
  3850 | D:5      | Noticed qw's ghost (novice GrFi)
  3850 | D:5      | Found a transporter.
  3850 | D:5      | Found a transporter.
  3851 | D:5      | 3851 ||| PLANNING OSSUARY
  3853 | D:5      | 3853 ||| INVOKING Spit Poison.
  3854 | D:5      | Noticed a water moccasin
  3857 | D:5      | Noticed an ice beast
  3858 | D:5      | 3858 ||| INVOKING Spit Poison.
  3859 | D:5      | Reached skill level 6 in Ranged Weapons
  3859 | D:5      | Reached XP level 6. HP: 56/56 MP: 6/6
  3862 | D:5      | 3862 ||| STAIRDANCE
  3871 | D:4      | HP: 13/56 [water moccasin (4)]
  3872 | D:4      | 3872 ||| READING 3 scrolls of teleportation.
  3874 | D:4      | Killed a water moccasin
  4049 | D:5      | 4049 ||| INVOKING Spit Poison.
  4050 | D:5      | 4050 ||| STAIRDANCE
  4052 | D:4      | Reached * piety under Okawaru
  4055 | D:4      | 4055 ||| INVOKING Heroism.
  4068 | D:4      | Killed an ice beast
  4069 | D:4      | Reached XP level 7. HP: 27/64 MP: 5/7
  4198 | D:5      | 4198 ||| INVOKING Spit Poison.
  4248 | D:5      | 4248 ||| INVOKING Spit Poison.
  4282 | D:5      | Identified the +4 hand axe of Woe {vamp, rN+ Dex+3 Stlth+}
  4286 | D:5      | 4286 ||| INVOKING Spit Poison.
  4309 | D:5      | Reached skill level 1 in Invocations
  4335 | D:5      | Found an opulent altar of Gozag.
  4344 | D:5      | 4344 ||| INVOKING Spit Poison.
  4348 | D:5      | Reached skill level 7 in Ranged Weapons
  4360 | D:5      | Found a sand-covered staircase.
  4361 | D:5      | 4361 ||| UPGRADING to +2 robe of willpower.
  4371 | D:5      | 4371 ||| DROPPING +0 leather armour.
  4372 | D:5      | 4372 ||| DRINKING 2 fuming puce potions.
  4377 | Ossuary  | Entered an ossuary
  4448 | Ossuary  | 4448 ||| FLEEEEING.
  4452 | Ossuary  | 4452 ||| FLEEEEING.
  4453 | Ossuary  | 4453 ||| FLEEEEING.
  4454 | Ossuary  | 4454 ||| FLEEEEING.
  4459 | Ossuary  | 4459 ||| FLEEEEING.
  4460 | Ossuary  | 4460 ||| FLEEEEING.
  4461 | Ossuary  | 4461 ||| FLEEEEING.
  4462 | Ossuary  | 4462 ||| FLEEEEING.
  4463 | Ossuary  | 4463 ||| FLEEEEING.
  4506 | Ossuary  | 4506 ||| INVOKING Heroism.
  4507 | Ossuary  | HP: 15/64 [mummy (14)]
  4508 | Ossuary  | 4508 ||| READING 2 scrolls of teleportation.
  4512 | Ossuary  | 4512 ||| READING scroll of teleportation.
  4527 | Ossuary  | 4527 ||| INVOKING Heroism.
  4549 | Ossuary  | 4549 ||| INVOKING Heroism.
  4567 | Ossuary  | 4567 ||| INVOKING Heroism.
  4744 | Ossuary  | 4744 ||| FLEEEEING.
  4746 | Ossuary  | 4746 ||| FLEEEEING.
  4747 | Ossuary  | 4747 ||| FLEEEEING.
  4748 | Ossuary  | 4748 ||| FLEEEEING.
  4749 | Ossuary  | 4749 ||| FLEEEEING.
  4750 | Ossuary  | 4750 ||| FLEEEEING.
  4751 | Ossuary  | 4751 ||| FLEEEEING.
  4752 | Ossuary  | 4752 ||| FLEEEEING.
  4753 | Ossuary  | 4753 ||| FLEEEEING.
  4754 | Ossuary  | 4754 ||| FLEEEEING.
  4755 | Ossuary  | 4755 ||| FLEEEEING.
  4756 | Ossuary  | 4756 ||| FLEEEEING.
  4757 | Ossuary  | 4757 ||| FLEEEEING.
  4758 | Ossuary  | 4758 ||| FLEEEEING.
  4759 | Ossuary  | 4759 ||| FLEEEEING.
  4847 | Ossuary  | 4847 ||| DRINKING 3 lumpy silvery potions.
  4951 | Ossuary  | 4951 ||| DROPPING 2 potions of berserk rage.
  4961 | D:5      | 4961 ||| PLANNING D:1-11
  5182 | D:5      | Found a sacrificial altar of Ru.
  5182 | D:5      | Found a shimmering altar of Xom.
  5182 | D:5      | Found a burning altar of Makhleb.
  5182 | D:5      | Found a snail-covered altar of Cheibriados.
  5190 | D:5      | Found an ornate altar of the Wu Jian Council.
  5195 | D:5      | Found a shadowy altar of Dithmenos.
  5200 | D:5      | 5200 ||| DROPPING +6 ring of intelligence.
  5239 | D:6      | 5239 ||| INVOKING Spit Poison.
  5243 | D:6      | 5243 ||| Stepping ~*~*~tactically~*~*~ (outnumbered).
  5244 | D:6      | 5244 ||| INVOKING Spit Poison.
  5250 | D:6      | 5250 ||| INVOKING Spit Poison.
  5251 | D:6      | 5251 ||| Stepping ~*~*~tactically~*~*~ (outnumbered).
  5252 | D:6      | 5252 ||| INVOKING Heroism.
  5253 | D:6      | 5253 ||| Stepping ~*~*~tactically~*~*~ (outnumbered).
  5254 | D:6      | 5254 ||| INVOKING Spit Poison.
  5255 | D:6      | 5255 ||| Stepping ~*~*~tactically~*~*~ (outnumbered).
  5261 | D:6      | HP: 16/64 [gnoll sergeant/+0 spear (7)]
  5262 | D:6      | 5262 ||| INVOKING Spit Poison.
  5262 | D:6      | HP: 2/64 [phantom (6)]
  5264 | D:6      | Slain by a phantom

Levels and vault maps discovered:
D:1:      psy_arrival_dodecagon, layout_basic, minivault_24,
          minmay_misc_feat_columns
D:2:      layout_loops_corners
D:3:      layout_basic, mainiacjoe_overflow_cross_hatched, minivault_19,
          hangedman_glass_teeth
D:4:      kennysheep_spiral_hall, layout_basic, minmay_temple_entry_hall,
          serial_shops, nicolae_shop_bloodbath_and_beyond
D:5:      layout_cave_pools, grunt_gozag_statues, minmay_overflow_temple_hex,
          gammafunk_ghost_arena, enter_ossuary_2
D:6:      layout_cave_pools, mainiacjoe_overflow_concentric_impassable,
          gammafunk_temple_of_torment, ebering_ghost_rock_garden, kb_rosetta,
          uniq_sigmund, uniq_crazy_yiuf_cottage, uniq_maggie

Skill      XL: |  1  2  3  4  5  6  7 |
---------------+----------------------+-----
Ranged Weapons | 4 5 6 7 |  7.4
Fighting       | 3 4 |  4.0
Invocations    | 2 |  2.9
Dodging        | 2 |  2.0
Stealth        | |  1.5

Action                     |  1- 3 |  4- 6 |  7- 9 || total
---------------------------+-------+-------+-------++-------
   Fire: Shortbow          |    56 |   115 |   179 ||   350
 Invoke: Heroism           |       |     1 |     5 ||     6
Ability: Spit Poison       |    25 |    35 |     9 ||    69
    Use: Scroll            |     7 |     2 |     2 ||    11
         Potion            |     3 |     3 |     2 ||     8
 Armour: Leather armour    |     3 |    33 |     3 ||    39
         Robe              |       |       |    56 ||    56
  Dodge: Dodged            |     5 |    51 |   111 ||   167

Table legend:
 A = Non-vault XP
 B = Vault XP
 C = Vault XP percentage of total XP
 D = Non-vault monster count
 E = Vault monster count
 F = Vault count percentage of total count
                 A         B        C        D         E       F
            +---------+---------+-------+---------+---------+-------
      Total |     941 |     238 |  20.2 |      85 |      42 |  33.1
            +---------+---------+-------+---------+---------+-------
        D:1 |      26 |       0 |   0.0 |      15 |       0 |   0.0
        D:2 |      51 |       0 |   0.0 |      20 |       0 |   0.0
        D:3 |      44 |       0 |   0.0 |      10 |       0 |   0.0
        D:4 |     503 |      25 |   4.7 |      30 |       4 |  11.8
        D:5 |     167 |       0 |   0.0 |       6 |       0 |   0.0
        D:6 |     150 |       0 |   0.0 |       4 |       0 |   0.0
    Ossuary |       0 |     213 | 100.0 |       0 |      38 | 100.0
            +---------+---------+-------+---------+---------+-------
